 Dungeon Crawl Stone Soup version 0.29.1-2-gbd0b4ee654 (webtiles) character file.

Game seed: 16273977901087510849

46 Ascent the Trooper (level 3, -4/33 HPs)
             Began as a Minotaur Fighter on Oct 27, 2022.
             Killed from afar by an orc wizard (10 damage)
             ... with a puff of flame
             ... on level 2 of the Dungeon.
             The game lasted 00:23:38 (1009 turns).

Ascent the Trooper (Minotaur Fighter)               Turns: 1009, Time: 00:23:39

Health: -4/33      AC:  8    Str: 20    XL:     3   Next: 46%
Magic:  2/2        EV:  9    Int:  5    God:
Gold:   53         SH:  0    Dex: 11    Spells: 2/2 levels left

rFire   x . .      SeeInvis .   a - +0 war axe
rCold   + . .      Faith    .   c - +0 buckler
rNeg    . . .      Spirit   .   b - +0 scale mail
rPois   .          Reflect  .   (helmet restricted)
rElec   .          Harm     .   (no cloak)
rCorr   .          Rampage  .   k - +0 pair of gloves
Will    .....                   (no boots)
Stlth   ..........              (no amulet)
HPRegen 0.11/turn               g - ring of flight
MPRegen 0.08/turn               h - ring of ice

@: confused, flying
A: horns 2, retaliatory headbutt
a: no special abilities


You were on level 2 of the Dungeon.
You visited 1 branch of the dungeon, and saw 2 of its levels.

You collected 53 gold pieces.

Inventory:

Hand Weapons
 a - a +0 war axe (weapon)
Missiles
 f - 6 poisoned darts (quivered)
Armour
 b - a +0 scale mail (worn)
 c - a +0 buckler (worn)
 k - a +0 pair of gloves (worn)
Jewellery
 g - a ring of flight (left hand)
 h - a ring of ice (right hand)
 n - an amulet of faith
Scrolls
 i - a scroll of teleportation {unknown}
 l - a scroll of enchant armour {unknown}
 m - a scroll of fog {unknown}
 o - a scroll of enchant weapon {unknown}
Potions
 d - a potion of might
 e - a potion of attraction {unknown}
 j - a potion of lignification {unknown}


   Skills:
 + Level 4.2 Fighting
 + Level 3.2 Axes
 + Level 4.1 Armour
 + Level 4.1 Shields


You had 2 spell levels left.
You didn't know any spells.
Your spell library was empty.

Dungeon Overview and Level Annotations

Branches:
Dungeon (2/15)

Altars:


Innate Abilities, Weirdness & Mutations

You have a pair of horns on your head.
You reflexively headbutt those who attack you in melee.


Message History

Things that are here:
a +0 short sword; a boomerang; a +0 chain mail You miss something.
Something hits you but does no damage. Something hits you but does no damage.
Things that are here:
a +0 club; a +0 dagger; a goblin corpse Something hits you.
You miss something. Your headbutt misses something.
Something completely misses you. Something hits you.
You closely miss something. Your headbutt misses something.
Something hits you but does no damage.
You miss something.
You hear some strange, mumbled words.
You are confused.
You hear some strange, mumbled words.
You are more confused.
A rat is nearby!
A rat is nearby!
A rat is nearby!
A rat is nearby!
Something hits you but does no damage.
You closely miss something. Something hits you.
* * * LOW HITPOINT WARNING * * *
Something hits you but does no damage.
You closely miss something. Your headbutt misses something. Something hits you.
* * * LOW HITPOINT WARNING * * *
You miss something. Your headbutt misses something.
You hear some strange, mumbled words.
Something tries to affect you, but you resist.
Something hits you but does no damage.
You bump into the rock wall.
Something hits you but does no damage.
You completely miss something. Your headbutt misses something.
You hear some strange, mumbled words.
A puff of flame appears from out of thin air!
The puff of flame misses you.
You miss something.
You hear some strange, mumbled words.
A puff of flame appears from out of thin air!
The puff of flame hits you! The fire burns you terribly!
You die...

#.#.......# ##.##
#.#...†...# #.#
#.#####.#######.#
#.# #.#..†....# .#..
#.#####.#.#######
....
#.#.....(.......#
.....
#.###..###...##.#
..... #.# #..
........# ......#@#
#..##..#.#..#
......#{####.
...#.#..#
.......r..#####..#.#
.# #.....#.#.#
#.##.# !
......#.......#. .#
.. #.... #.#.###.#
#.##. ..#.# # #
#.#.# ....#


You could see a rat.

Vanquished Creatures
  An adder (D:2)
  A dart slug (D:1)
  2 orcs (D:2)
  5 endoplasms
  3 goblins
  A hobgoblin (D:1)
  2 jackals (D:1)
  2 quokkas
  A ball python (D:2)
  5 bats
  6 frilled lizards
  A kobold (D:1)
  3 rats
33 creatures vanquished.

Vanquished Creatures (others)
  A withered plant (D:1)
1 creature vanquished.

Grand Total: 34 creatures vanquished

Notes
Turn   | Place    | Note
-------+----------+-------------------------------------------
     0 | D:1      | Ascent the Minotaur Fighter began the quest for the Orb.
     0 | D:1      | Reached XP level 1. HP: 19/19 MP: 0/0
   375 | D:1      | Reached XP level 2. HP: 27/27 MP: 1/1
   376 | D:1      | Found a faded altar of an unknown god.
   800 | D:1      | Reached XP level 3. HP: 33/33 MP: 2/2
  1009 | D:2      | Killed from afar by an orc wizard

Illustrated notes

Levels and vault maps discovered:
D:1:      wander_arrival_chamber, layout_basic,
          ebering_ecumenical_altar_petrified, minmay_misc_feat_doors
D:2:      layout_basic

Skill      XL: |  1  2  3 |
---------------+----------+-----
Fighting       | 4 |  4.2
Shields        | 4 |  4.1
Axes           | 3 |  3.2
Armour         | 4 |  4.1

Action                   || total
-------------------------++-------
Melee: War axe           ||    96
       Headbutt          ||     9
Armor: Scale mail        ||    50
Dodge: Dodged            ||    34
Block: Buckler           ||    20
